[Event "27th Summer Universiade in Kazan (Women"]
[Site "Kazan"]
[Date "2013.07.09"]
[Round "1.1"]
[White "De Seroux, Camille"]
[Black "Zhao, Xue"]
[Result "0-1"]
[ECO "C45"]
[WhiteElo "2118"]
[BlackElo "2553"]
[PlyCount "60"]
[EventDate "2013.??.??"]
[TimeControl "6000+1420"]
[WhiteClock "0:01:51"]
[BlackClock "0:53:24"]

1. e4 e5 2. Nf3 Nc6 3. d4 exd4 4. Nxd4 Nf6 5. Nxc6 bxc6 6. e5 Qe7 7. Qe2 Nd5 8.
c4 Ba6 9. Nd2 Nf4 10. Qe4 Ng6 11. f4 O-O-O 12. Be2 f6 13. g3 Bb7 14. Bf3 Kb8
15. Nb3 fxe5 16. f5 d5 17. Qg4 e4 18. Bg5 Qb4+ 19. Bd2 Ne5 20. Bxb4 Bxb4+ 21.
Kf1 Nxg4 22. Bxg4 dxc4 23. a3 cxb3 24. axb4 Rd2 25. Rb1 e3 26. Ke1 c5 27. Rf1
Ba6 28. Rf4 Rxh2 29. Bf3 Rf2 30. Bd5 Re2+ 0-1

[Event "27th Summer Universiade in Kazan (Women"]
[Site "Kazan"]
[Date "2013.07.09"]
[Round "1.2"]
[White "Ju, Wenjun"]
[Black "Khalafova, Narmin"]
[Result "1-0"]
[ECO "D30"]
[WhiteElo "2531"]
[BlackElo "2107"]
[PlyCount "103"]
[EventDate "2013.??.??"]
[TimeControl "6000+1450"]
[WhiteClock "0:02:37"]
[BlackClock "0:01:18"]

1. Nf3 Nf6 2. c4 c6 3. d4 d5 4. e3 e6 5. Nbd2 c5 6. b3 cxd4 7. exd4 Ne4 8. Bd3
f5 9. Bb2 Bd6 10. c5 Bc7 11. b4 O-O 12. O-O Nc6 13. a3 Qf6 14. Nb3 Qh6 15. Ne5
g5 16. f3 Nf6 17. Qe2 a5 18. b5 Nxe5 19. dxe5 a4 20. Nd2 Nh5 21. g3 Bd7 22. Bd4
Rfc8 23. Rfc1 Bd8 24. Rc2 Be7 25. Rac1 Be8 26. Nf1 Qf8 27. Rc3 Ng7 28. Qb2 Rab8
29. Qc2 Ra8 30. Qa2 h5 31. c6 bxc6 32. bxc6 f4 33. g4 hxg4 34. fxg4 f3 35. Be3
d4 36. Bxd4 Qf4 37. Be3 Qxg4+ 38. Ng3 Bf7 39. Rc4 Qh3 40. Bf1 Qh7 41. c7 Nh5
42. Rg4 Nxg3 43. Rxg3 Qf5 44. Qd2 g4 45. Bd3 Qxe5 46. Rxg4+ Kf8 47. Bd4 Qh5 48.
Qf4 Bxa3 49. Bg6 Qxg6 50. Rxg6 Bxc1 51. Bc5+ Ke8 52. Rxe6+ 1-0

[Event "27th Summer Universiade in Kazan (Women"]
[Site "Kazan"]
[Date "2013.07.09"]
[Round "1.3"]
[White "Garcia Morales, Ivette Ale"]
[Black "Bodnaruk, Anastasia"]
[Result "0-1"]
[ECO "A45"]
[WhiteElo "2072"]
[BlackElo "2440"]
[PlyCount "114"]
[EventDate "2013.??.??"]
[TimeControl "6000+1440"]
[WhiteClock "0:01:32"]
[BlackClock "0:16:37"]

1. d4 Nf6 2. Bg5 e6 3. e4 h6 4. Bxf6 Qxf6 5. c3 d6 6. Bd3 Qg6 7. Qf3 e5 8. Ne2
Be7 9. Nd2 O-O 10. Nc4 Bg4 11. Qg3 Bxe2 12. Kxe2 exd4 13. Qxg6 fxg6 14. cxd4
Nc6 15. d5 Nd4+ 16. Ke3 c5 17. dxc6 Nxc6 18. f3 b5 19. Na3 a6 20. Rhd1 Bf6 21.
Rab1 Bd4+ 22. Ke2 Be5 23. h3 Nd4+ 24. Kf2 Rac8 25. Rd2 Rf7 26. Nc2 Bf4 27. Re2
Nxe2 28. Kxe2 Rc5 29. Nb4 a5 30. Nd5 Be5 31. b4 axb4 32. Rxb4 Ra7 33. f4 Rxa2+
34. Kf3 Bc3 35. Rxb5 Rxb5 36. Nxc3 Rb3 37. Bc4+ Kf8 38. Bxb3 Ra3 39. Bd5 Rxc3+
40. Kg4 Ke7 41. g3 g5 42. fxg5 hxg5 43. Bb7 Kf6 44. h4 gxh4 45. gxh4 Ke5 46.
Bd5 Re3 47. h5 Re1 48. Bc6 Rc1 49. Bd5 Rg1+ 50. Kf3 g6 51. hxg6 Rxg6 52. Bc6
Rh6 53. Kg3 Rf6 54. Kg2 Rf4 55. Bb7 Rxe4 56. Bxe4 Kxe4 57. Kf2 Ke5 0-1

[Event "27th Summer Universiade in Kazan (Women"]
[Site "Kazan"]
[Date "2013.07.09"]
[Round "1.4"]
[White "Girya, Olga"]
[Black "Siradze, Salome"]
[Result "1-0"]
[ECO "E81"]
[WhiteElo "2437"]
[BlackElo "2069"]
[PlyCount "55"]
[EventDate "2013.??.??"]
[TimeControl "6000+930"]
[WhiteClock "0:50:22"]
[BlackClock "0:01:59"]

1. d4 Nf6 2. c4 g6 3. Nc3 Bg7 4. e4 d6 5. f3 O-O 6. Bg5 c5 7. d5 a6 8. Qd2 Re8
9. Nge2 Nbd7 10. Ng3 Nf8 11. Be2 Bd7 12. O-O Rb8 13. a4 h5 14. h3 N8h7 15. Be3
Qc8 16. f4 Bxh3 17. gxh3 Qxh3 18. Nh1 Ng4 19. Bxg4 hxg4 20. Rf2 Bxc3 21. Qxc3
Nf6 22. Rh2 Qf3 23. Rf1 g3 24. Rxf3 gxh2+ 25. Kxh2 Kg7 26. Nf2 Rh8+ 27. Rh3
Rxh3+ 28. Kxh3 1-0

[Event "27th Summer Universiade in Kazan (Women"]
[Site "Kazan"]
[Date "2013.07.09"]
[Round "1.5"]
[White "Anusca, Madalina-Maria"]
[Black "Guramishvili, Sopiko"]
[Result "0-1"]
[ECO "D00"]
[WhiteElo "2042"]
[BlackElo "2421"]
[PlyCount "68"]
[EventDate "2013.??.??"]
[TimeControl "6000+985"]
[WhiteClock "0:05:28"]
[BlackClock "0:18:03"]

1. d4 d5 2. e3 g6 3. Bd3 Bg7 4. b3 c5 5. Bb2 Nc6 6. Nf3 cxd4 7. exd4 Bg4 8. c3
Nf6 9. Nbd2 Qd7 10. O-O O-O 11. Re1 Rac8 12. Qb1 Bh6 13. Ba3 Rfe8 14. Bb5 Bf5
15. Qb2 Qd8 16. Rad1 Nh5 17. Ne5 f6 18. Nxc6 bxc6 19. Ba6 Rb8 20. Nf1 e5 21.
Ng3 Nxg3 22. hxg3 e4 23. Bc5 e3 24. f3 Qc7 25. Kh2 Bg5 26. Qa3 Rbd8 27. Be2 Rd7
28. Rf1 h5 29. f4 Bh6 30. Kg1 h4 31. g4 Be4 32. g5 fxg5 33. Bg4 Rf7 34. Bd6 Qd8
0-1

[Event "27th Summer Universiade in Kazan (Women"]
[Site "Kazan"]
[Date "2013.07.09"]
[Round "1.6"]
[White "Shen, Yang"]
[Black "Rothebarth, Ana Vitoria De Pau"]
[Result "1-0"]
[ECO "E32"]
[WhiteElo "2405"]
[BlackElo "2034"]
[PlyCount "83"]
[EventDate "2013.??.??"]
[TimeControl "6000+970"]
[WhiteClock "0:55:39"]
[BlackClock "0:00:59"]

1. d4 Nf6 2. c4 e6 3. Nc3 Bb4 4. Qc2 O-O 5. a3 Bxc3+ 6. Qxc3 Ne4 7. Qc2 f5 8.
g3 b6 9. Bg2 Bb7 10. Nh3 d6 11. O-O Nd7 12. Ng5 Nxg5 13. Bxb7 Rb8 14. Bc6 Nf7
15. Qa4 Nf6 16. Qxa7 e5 17. dxe5 Nxe5 18. Qa4 Nxc6 19. Qxc6 Qe7 20. Be3 Ng4 21.
Bd4 f4 22. Qf3 Qe6 23. Qd5 Qxd5 24. cxd5 Rf5 25. gxf4 Rxf4 26. e3 Rf3 27. Rac1
Rbf8 28. Rxc7 Nf6 29. Rfc1 Rf5 30. Bxf6 R8xf6 31. Rb7 h6 32. Rc2 Rxd5 33. Rxb6
Rg6+ 34. Kf1 Rd1+ 35. Ke2 Rh1 36. a4 Rxh2 37. a5 Rf6 38. Kd3 Rh5 39. b4 Kh7 40.
a6 Rf7 41. Rxd6 Rb5 42. Ke4 1-0

[Event "27th Summer Universiade in Kazan (Women)"]
[Site "Kazan"]
[Date "2013.07.12"]
[Round "6.7"]
[White "Batchimeg, Tuvshintugs"]
[Black "Shen, Yang"]
[Result "1/2-1/2"]
[ECO "D15"]
[WhiteElo "2351"]
[BlackElo "2405"]
[Annotator "ñåðãåé"]
[PlyCount "136"]
[EventDate "2013.??.??"]
[TimeControl "6000+765"]

1. d4 Nf6 2. c4 e6 3. Nf3 d5 4. Nc3 c6 5. Bg5 dxc4 6. e4 b5 7. e5 h6 8. Bh4 g5
9. exf6 gxh4 10. a4 b4 11. Ne4 Qd5 12. Ned2 h3 13. Bxc4 hxg2 14. Rg1 Qf5 15.
Ne5 Nd7 16. Nxd7 Bxd7 17. Qf3 Rg8 18. Qxf5 exf5 19. Nf3 Bd6 20. O-O-O Bf4+ 21.
Kc2 Kf8 22. Rde1 Re8 23. Rxe8+ Bxe8 24. a5 Bc7 25. a6 Bd6 26. b3 Bc7 27. Kd3
Bd8 28. Ne1 Bxf6 29. Rxg2 Rg4 30. Rxg4 fxg4 31. Ke4 Bh4 32. Nd3 h5 33. f3 g3
34. hxg3 Bxg3 35. f4 h4 36. Kf3 Ke7 37. Nxb4 Kd6 38. Nc2 f6 39. Ne3 Bh5+ 40.
Kg2 Bg6 41. Kf3 Kc7 42. Kg4 Be4 43. Nf5 Bf2 44. Nxh4 Bxd4 45. Nf5 Bf2 46. Ng7
Kb6 47. Ne8 Bd4 48. Nd6 Bc2 49. Nc8+ Kc7 50. Ne7 Kd6 51. Nf5+ Kc5 52. Ne7 Be4
53. Nc8 Kb4 54. Ne7 Bc5 55. Ng8 Bd4 56. Ne7 Kc3 57. f5 Be3 58. Ng8 Bg5 59. Ne7
Kd4 60. Nc8 Ke5 61. Nxa7 Bxf5+ 62. Kf3 Kd6 63. b4 Bd7 64. b5 cxb5 65. Bxb5 Be6
66. Bd3 Bd5+ 67. Be4 Bxe4+ 68. Kxe4 Kc7 1/2-1/2

[Event "27th Summer Universiade in Kazan (Women)"]
[Site "Kazan"]
[Date "2013.07.12"]
[Round "6.8"]
[White "Arabidze, Meri"]
[Black "Vo, Thi Kim Phung"]
[Result "1-0"]
[ECO "D44"]
[WhiteElo "2320"]
[BlackElo "2199"]
[Annotator "ñåðãåé"]
[PlyCount "81"]
[EventDate "2013.??.??"]
[TimeControl "6000+1225"]

1. d4 d5 2. c4 c6 3. Nf3 Nf6 4. Nc3 a6 5. c5 Nbd7 6. Bf4 g6 7. h3 Bg7 8. e3 O-O
9. Be2 b5 10. O-O a5 11. Qc2 b4 12. Na4 Ne4 13. a3 bxa3 14. Rxa3 f6 15. Rfa1 e5
16. Bh2 Ng5 17. Nxg5 fxg5 18. dxe5 Nxe5 19. Nb6 Ra7 20. Nxc8 Qxc8 21. Rxa5 Raf7
22. Bg3 Re7 23. Ra7 Rfe8 24. Rxe7 Rxe7 25. Ra4 Nf7 26. b4 Be5 27. Bxe5 Nxe5 28.
Qa2 Qf5 29. Ra8+ Kg7 30. Ra7 Rxa7 31. Qxa7+ Kh6 32. Qe7 Nc4 33. Bg4 Qe5 34.
Qf8+ Qg7 35. Qxg7+ Kxg7 36. Bd7 Ne5 37. b5 Kf7 38. Bxc6 Ke6 39. Bb7 Nc4 40. b6
Na5 41. c6 1-0